 Dungeon Crawl Stone Soup version 0.25.0-10-g039870ee82 (webtiles) character file.

Game seed: 4215802578236055839

114 Acheron the Magician (level 4, -1/35 HPs)
             Began as a Hill Orc Wizard on June 23, 2020.
             Slain by a worker ant (5 damage)
             ... on level 5 of the Dungeon.
             The game lasted 00:24:40 (4627 turns).

Acheron the Magician (Hill Orc Wizard)              Turns: 4627, Time: 00:24:41

Health: -1/35      AC:  3    Str:  9    XL:     4   Next: 98%
Magic:  6/8        EV: 12    Int: 18    God:
Gold:   169        SH:  0    Dex: 10    Spells: 4/9 levels left

rFire    . . .     SeeInvis .   o - +0 hand axe
rCold    . . .     Gourm    .   (no shield)
rNeg     . . .     Faith    .   t - +0 leather armour
rPois    .         Spirit   .   b - +0 hat
rElec    .         Reflect  .   (no cloak)
rCorr    .         Harm     .   (no gloves)
MR       .....                  (no boots)
Stlth    +.........             (no amulet)
HPRegen  0.11/turn              a - ring of wizardry
MPRegen  0.11/turn              (no ring)

@: no status effects
A: no striking features
a: no special abilities


You were on level 5 of the Dungeon.
You were hungry.

You visited 1 branch of the dungeon, and saw 5 of its levels.

You collected 169 gold pieces.

Inventory:

Hand Weapons
 k - a +1 short sword
 o - a +0 hand axe (weapon)
Missiles
 c - 37 sling bullets
 e - 110 stones
 f - a throwing net
 m - 13 poisoned darts (quivered)
Armour
 b - a +0 hat (worn)
 t - a +0 leather armour (worn)
Jewellery
 a - a ring of wizardry (left hand)
Wands
 g - a wand of random effects (23)
 l - a wand of iceblast (12)
Scrolls
 h - 2 scrolls of teleportation
 i - 3 scrolls of remove curse
 r - a scroll of amnesia {unknown}
 s - a scroll of random uselessness {unknown}
Potions
 j - a potion of invisibility
Comestibles
 d - 2 rations
 q - a chunk of flesh


   Skills:
 * Level 1.4 Fighting
 + Level 0.5 Short Blades
 * Level 1.2 Axes
 * Level 2.5 Dodging
 * Level 1.8 Stealth
 + Level 0.7 Unarmed Combat
 * Level 3.0 Spellcasting
 * Level 1.7 Conjurations
 * Level 1.1 Summonings
 + Level 0.7 Translocations


You had 4 spell levels left.
You knew the following spells:

 Your Spells              Type           Power        Failure   Level  Hunger
a - Magic Dart            Conj           #...         4%          1    None
b - Blink                 Tloc           N/A          11%         2    ##.....
c - Call Imp              Summ           #.......     9%          2    ##.....

Your spell library contained the following spells:

 Spells                   Type           Power        Failure   Level  Hunger
 Slow                     Hex            #.......     14%         2    ##.....
 Conjure Flame            Conj/Fire      #.......     19%         3    ###....
 Mephitic Cloud           Conj/Pois/Air  #.......     22%         3    ###....


Dungeon Overview and Level Annotations

Branches:
Dungeon (5/15)
 Temple: D:4-7

Altars:
Makhleb
Qazlal
Ru
Sif Muna

Annotations:
D:5 2 transporters, TangoThomas's ghost, amateur DsAK


Message History

The worker ant is severely wounded.
The worker ant misses you.
You closely miss the worker ant.
The worker ant is severely wounded.
The worker ant barely misses you. The worker ant bites you.
* * * LOW HITPOINT WARNING * * *
You closely miss the worker ant.
The worker ant is severely wounded.
The worker ant bites you.
* * * LOW HITPOINT WARNING * * *
Your crimson imp hits the worker ant.
You hit the worker ant but do no damage.
The worker ant is almost dead.
The worker ant barely misses you.
Your crimson imp hits the worker ant.
The worker ant closely misses your crimson imp.
Your crimson imp barely misses the worker ant.
You barely miss the worker ant.
The worker ant is almost dead.
The worker ant bites you.
You die...

..... +......#......... .....
#......#.........
....###+#################..
...........# ..##.....##..
#.......# ............
#.......#######....รท....
#.............#.........
#######....5........#.........
#...........a@......#.........
#..$................#.........
#......########.....#.........
#......#...# #.....#.........
########...# #.....#.........
#.........# #.....#.........
#.........# #.....#.........
#..####..## #.....#+##..####
##..####..######'#.....#'#####


You could see a worker ant and a friendly crimson imp (summoned).

Vanquished Creatures
  A centaur zombie (D:5)
  An adder (D:2)
  An ooze (D:1)
  2 adder skeletons
  2 leopard geckos (D:1)
  An orc (D:5)
  2 ball pythons
  11 bats
  2 giant cockroaches (D:1)
  9 goblins
  5 hobgoblins
  2 quokkas
  10 frilled lizards
  4 kobolds
  A quokka zombie (D:4)
  4 rats
58 creatures vanquished.

Notes
Turn   | Place    | Note
-------+----------+-------------------------------------------
     0 | D:1      | Acheron the Hill Orc Wizard began the quest for the Orb.
     0 | D:1      | Reached XP level 1. HP: 14/14 MP: 3/3
   577 | D:1      | Reached XP level 2. HP: 20/20 MP: 1/5
  1245 | D:1      | Reached XP level 3. HP: 11/26 MP: 1/7
  2207 | D:1      | Learned a level 2 spell: Blink
  2210 | D:1      | Learned a level 2 spell: Call Imp
  2413 | D:2      | Reached skill level 1 in Fighting
  2413 | D:2      | Reached XP level 4. HP: 16/35 MP: 8/8
  3182 | D:3      | Found a burning altar of Makhleb.
  3665 | D:5      | Entered Level 5 of the Dungeon
  3707 | D:5      | Noticed a bullfrog
  3720 | D:5      | Noticed a hungry ghost
  3733 | D:5      | Found a transporter.
  3737 | D:5      | Found a transporter.
  3737 | D:5      | Noticed TangoThomas's ghost (amateur DsAK)
  4032 | D:5      | Reached skill level 3 in Spellcasting
  4325 | D:5      | Reached skill level 1 in Axes
  4390 | D:5      | Found a stormy altar of Qazlal.
  4396 | D:5      | Found a sacrificial altar of Ru.
  4545 | D:5      | Found a shimmering blue altar of Sif Muna.
  4627 | D:5      | Slain by a worker ant

Illustrated notes

Levels and vault maps discovered:
D:1:      dpeg_arrival_rhombus, layout_loops_ring
D:2:      layout_loops_ring, serial_bayou_lagoon_b
D:3:      layout_rooms, marbit_many_paths, overflow_temple_1_default,
          first_ration, grunt_ministairs_2
D:4:      layout_layer_cave, serial_bayou_lagoon_a, kennysheep_generic_room_5
D:5:      layout_gridville, nicolae_overflow_crystal_walls,
          kennysheep_little_box, lemuel_blue_sif_altar,
          overflow_temple_1_default, chequers_temple_overflow_minitemple,
          gammafunk_ghost_mausoleum

Skill      XL: |  1  2  3  4 |
---------------+-------------+-----
Dodging        | 2 |  2.5
Fighting       | 1 |  1.4
Spellcasting   | 3 |  3.0
Axes           | 1 |  1.2
Short Blades   | |  0.5
Stealth        | |  1.8
Unarmed Combat | |  0.7
Conjurations   | |  1.7
Summonings     | |  1.1
Translocations | |  0.7

Action                   |  1- 3 |  4- 6 || total
-------------------------+-------+-------++-------
Melee: Unarmed           |    16 |       ||    16
       Dagger            |    77 |       ||    77
       Short sword       |    12 |    24 ||    36
       Hand axe          |       |    85 ||    85
Throw: Dart              |       |     5 ||     5
 Cast: Magic Dart        |    72 |    18 ||    90
       Call Imp          |       |     5 ||     5
  Use: Scroll            |       |     6 ||     6
       Potion            |       |     1 ||     1
 Stab: Sleeping          |     2 |     1 ||     3
       Distracted        |       |     1 ||     1
  Eat: Chunk             |     5 |     3 ||     8
       Ration            |       |     1 ||     1
Armor: Robe              |    42 |    24 ||    66
       Leather armour    |       |     1 ||     1
Dodge: Dodged            |   104 |    73 ||   177
